AoeStats
← Marianob04

Arena

510527493Analyzed
3v3 RM · 2d ago on Oct 1, 2026· 50m 10s· 6 players
Game mode
Random Map
Map size
Normal (6 player)
Population
200
Speed
Normal
Resources
Standard
Victory
Conquest
Starting age
Dark Age
Ending age
Imperial Age
RankedLock teamsTeams togetherTeam positionsShared explorationLock speedFull tech treeHidden civsTurbo modeCheats
Victory
Defeat
🇦🇷 Lithuanians · Argentina
1010
+15
🇹🇷 Turks · Türkiye
996
+16
🇨🇳 Burmese · China
961
+17
🇨🇳 Berbers · China
1012
-18
🇨🇳 Britons · China
999
-16
🇨🇳 Burgundians · China
948
-14
嘿咻
1:34 Loom
11:17 Feudal Age
18:36 Castle Age
18:36 Horse Collar
18:45 Double-Bit Axe
20:48 Fletching
24:26 Man-at-Arms
35:55 Wheelbarrow
35:06 Town Watch
36:22 Bodkin Arrow
39:18 Yeomen
42:27 Imperial Age
40:34 Gold Mining
42:08 Ballistics
43:09 Squires
42:29 Pikeman
42:56 Gambesons
44:36 Masonry
45:28 Chemistry
44:55 Hand Cart
1277765061
5:57 Double-Bit Axe
10:35 Feudal Age
10:45 Horse Collar
11:25 Bow Saw
15:07 Castle Age
14:01 Heavy Plow
24:13 Wheelbarrow
23:23 Loom
24:48 Gold Mining
24:49 Stone Mining
24:26 Light Cavalry
25:16 Scale Barding Armor
26:34 Squires
26:19 Arson
28:59 Forging
29:05 Husbandry
28:48 Cavalier
31:14 Scale Mail Armor
31:50 Iron Casting
31:37 Chain Barding Armor
33:09 Chain Mail Armor
37:06 Imperial Age
36:16 Fletching
37:28 Burgundian Vineyards
38:39 Hussar
39:59 Plate Barding Armor
39:55 Plate Mail Armor
40:26 Blast Furnace
40:46 Gold Shaft Mining
40:47 Stone Shaft Mining
39:52 Paladin
41:30 Capped Ram
46:54 Chemistry
46:06 Fortified Wall
45:52 Murder Holes
46:09 Masonry
47:01 Chemistry
49:08 Pikeman
水水火火
0:28 Loom
6:32 Loom
11:12 Feudal Age
12:06 Double-Bit Axe
16:21 Castle Age
16:37 Horse Collar
20:58 Fletching
21:09 Padded Archer Armor
21:07 Town Watch
22:06 Bodkin Arrow
29:35 Scale Barding Armor
30:46 Wheelbarrow
45:17 Forging
48:24 Light Cavalry
49:15 Pikeman
49:21 Pikeman
Marianob04
10:54 Feudal Age
14:33 Castle Age
15:54 Husbandry
16:50 Bloodlines
18:59 Town Watch
20:37 Double-Bit Axe
24:51 Wheelbarrow
25:53 Scale Barding Armor
27:54 Chain Barding Armor
29:53 Forging
32:50 Iron Casting
35:48 Gold Mining
40:28 Elite Skirmisher
41:09 Padded Archer Armor
43:50 Imperial Age
41:42 Thumb Ring
42:16 Fletching
42:48 Leather Archer Armor
42:55 Bodkin Arrow
43:29 Bow Saw
43:18 Horse Collar
44:52 Ballistics
45:23 Bracer
44:51 Cavalier
47:19 Tower Shields
48:24 Plate Barding Armor
dexter
10:35 Feudal Age
9:52 Loom
15:50 Castle Age
14:54 Double-Bit Axe
14:52 Horse Collar
21:01 Heavy Plow
21:14 Bow Saw
25:31 Bloodlines
27:14 Scale Barding Armor
27:59 Forging
27:43 Gold Mining
32:34 Imperial Age
29:54 Town Watch
31:09 Gold Shaft Mining
33:35 Iron Casting
33:22 Chain Barding Armor
33:27 Ballistics
36:10 Plate Barding Armor
37:27 Blast Furnace
36:39 Masonry
36:35 Heavy Camel Rider
39:45 Husbandry
39:38 Fletching
40:20 Architecture
41:56 Wheelbarrow
45:03 Hand Cart
45:28 Conscription
47:07 Town Patrol
48:18 Two-Man Saw
48:23 Elite Janissary
50:36 Sipahi
wujiang
11:00 Feudal Age
14:48 Castle Age
12:31 Horse Collar
14:49 Gold Mining
15:25 Loom
16:41 Wheelbarrow
17:10 Gold Shaft Mining
17:07 Fervor
17:19 Sanctity
17:31 Redemption
35:33 Imperial Age
33:22 Stone Mining
34:03 Hand Cart
34:39 Town Watch
35:37 Scale Barding Armor
35:43 Forging
35:37 Heavy Plow
36:42 Bloodlines
36:33 Husbandry
37:20 Crop Rotation
37:16 Chain Barding Armor
38:54 Plate Barding Armor
38:56 Iron Casting
40:13 Conscription
39:57 Howdah
39:51 Elite Battle Elephant
42:23 Blast Furnace
42:02 Ballistics
42:48 Capped Ram
44:15 Manipur Cavalry
44:46 Light Cavalry
47:09 Chemistry
46:15 Siege Engineers
48:23 Treadmill Crane
48:55 Masonry
48:41 Murder Holes
48:57 Fortified Wall
Connection lost

Rejoining the realm…

Still unreachable

The connection could not be restored.

Session expired

The server has moved on; the page needs a fresh start.